 Dungeon Crawl Stone Soup version 0.28.0-49-g6dfe1f597d (webtiles) character file.

Game seed: 5264115960890846178

4040 NinjaNoafa the Changer (level 10, -2/77 HPs)
             Began as a Gnoll Wanderer on May 11, 2022.
             Was a Believer of Sif Muna.
             Killed by divine providence
             ... invoked by an orc priest
              (14 damage)
             ... on level 8 of the Dungeon.
             The game lasted 00:13:12 (7838 turns).

NinjaNoafa the Changer (Gnoll Wanderer)             Turns: 7838, Time: 00:13:12

Health: -2/77      AC: 12    Str: 14    XL:     10   Next: 24%
Magic:  9/9        EV: 13    Int: 19    God:    Sif Muna [**....]
Gold:   226        SH:  6    Dex: 17    Spells: 18/20 levels left

rFire   . . .      SeeInvis .   w - +9 dagger of Trial by Ordeal {drain, MP-9 Str+2 Int+3}
rCold   . . .      Faith    .   b - +0 buckler
rNeg    . . .      Spirit   .   a - +0 acid dragon scales
rPois   .          Reflect  .   (helmet currently unavailable)
rElec   .          Harm     .   v - +0 cloak
rCorr   +          Rampage  .   (no gloves)
Will    .....                   (boots currently unavailable)
Stlth   +++.......              (no amulet)
HPRegen 0.22/turn               h - +6 ring of intelligence
MPRegen 0.11/turn               A - +4 ring of protection

@: appendages (expiring)
A: horns 2, talons 2, fangs 1, strong nose, distributed training
a: End Transformation, Renounce Religion, Channel Magic


You were on level 8 of the Dungeon.
You worshipped Sif Muna.
Sif Muna was pleased with you.
You had temporarily grown beastly horns and talons.
You visited 2 branches of the dungeon, and saw 9 of its levels.

You collected 380 gold pieces.
You spent 154 gold pieces at shops.

Inventory:

Hand Weapons
 t - a +0 fustibalus
 w - the +9 dagger of Trial by Ordeal (weapon) {drain, MP-9 Str+2 Int+3}
   (You bought it in a shop on level 6 of the Dungeon)

   A truly terrible weapon, it drains the life of any living foe it strikes.
   Str:       It affects your strength (+2).
   Int:       It affects your intelligence (+3).
   MP:        It affects your magic capacity (-9).
Missiles
 c - 71 sling bullets
 j - 291 stones
 k - 17 poisoned darts (quivered)
 m - 4 large rocks
 r - 3 boomerangs
 s - 134 arrows
 u - 2 datura-tipped darts
Armour
 a - +0 acid dragon scales (worn)
 b - a +0 buckler (worn)
 l - a +2 leather armour of poison resistance
 v - a +0 cloak (worn)
Jewellery
 e - a ring of flight
 h - a +6 ring of intelligence (left hand)
 n - a ring of fire
 x - a +6 ring of strength
 A - a +4 ring of protection (right hand)
Wands
 y - a wand of acid (12)
Scrolls
 f - a scroll of vulnerability
 i - a scroll of identify
 o - a scroll of magic mapping
 p - 4 scrolls of teleportation
 z - a scroll of immolation
Potions
 d - a potion of haste
 g - a potion of flight
 q - 4 potions of curing


   Skills:
 + Level 6.9 Fighting
 + Level 5.1 Short Blades
 + Level 6.9 Long Blades
 + Level 5.1 Axes
 + Level 5.1 Maces & Flails
 + Level 5.1 Polearms
 + Level 5.1 Staves
 + Level 5.1 Slings
 + Level 5.1 Bows
 + Level 5.1 Crossbows
 + Level 5.1 Throwing
 + Level 5.8 Armour
 + Level 5.1 Dodging
 + Level 5.1 Stealth
 + Level 5.8 Shields
 + Level 5.1 Unarmed Combat
 + Level 5.9 Spellcasting
 + Level 4.2 Conjurations
 + Level 4.2 Hexes
 + Level 4.2 Summonings
 + Level 4.2 Necromancy
 + Level 4.2 Translocations
 + Level 7.0 Transmutations
 + Level 4.2 Fire Magic
 + Level 4.2 Ice Magic
 + Level 4.2 Air Magic
 + Level 4.2 Earth Magic
 + Level 4.2 Poison Magic
 + Level 5.6 Invocations
 + Level 5.1 Evocations


You had 18 spell levels left.
You knew the following spells:

 Your Spells              Type           Power      Damage    Failure   Level
a - Beastly Appendage     Tmut           64%        N/A       1%          1
b - Sting                 Tmut/Pois      100%       1d8       1%          1

Your spell library contained the following spells:

 Spells                   Type           Power      Damage    Failure   Level
 Magic Dart               Conj           84%        1d7       3%          1
 Searing Ray              Conj           42%        2d6       5%          2
 Ignite Poison            Fire/Tmut/Pois 25%        N/A       8%          3
 Conjure Flame            Conj/Fire      21%        6-21      11%         3
 Ice Form                 Ice/Tmut       26%        N/A       21%         4
 Fulminant Prism          Conj/Hex       10%        3d9       34%         4
 Sticky Flame             Conj/Fire      21%        2d4       34%         4


Dungeon Overview and Level Annotations

Branches:
Dungeon (8/15)             Temple (1/1) D:4            Lair (0/6) D:8

Altars:
Cheibriados
Dithmenos
Elyvilon
Gozag
Hepliaklqana
Kikubaaqudgha
Makhleb
Nemelex Xobeh
Ru
Sif Muna
Trog
Vehumet
Xom
Zin
The Shining One

Shops:
D:6 :(


Innate Abilities, Weirdness & Mutations

You have temporarily grown beastly horns and talons.
You have very sharp teeth.
Your uncanny sense of smell can sniff out nearby items.
Your experience applies equally to all skills.


Message History

The yak bellows!
The yak is engulfed in blazing flames.
Flame seeps out of the yak.
Aiming: Corrosive Bolt
Press: ? - help, Shift-Dir - straight line, f/p - yak
Aim: a yak (almost dead, inner flame, covered in acid, 84% to hit)
The bolt of acid hits the yak!
Sif Muna accepts your kill.
The yak explodes!
The fiery explosion engulfs the yak!!
Flame seeps out of the yak.
The yak is almost dead.
The yak is engulfed in blazing flames.
Sif Muna accepts your kill.
The yak explodes!
Your Transmutations skill increases to level 7!
The yak is engulfed in blazing flames. x2
Aiming: Corrosive Bolt
Press: ? - help, Shift-Dir - straight line, f - orc
Aim: an orc, wielding a +0 dagger and wearing a +0 leather armour (inner flame, 74% to hit)
The bolt of acid hits the orc!
The acid corrodes the orc!
Sif Muna accepts your kill.
The bolt of acid misses the orc.
The orc priest shouts!
The orc explodes!
The fiery explosion engulfs you!
You are engulfed in blazing flames.
The yak is engulfed in blazing flames. x2
Your transformation is almost over.
The orc priest miscasts a cantrip.
You hit the yak. You drain the yak. You claw the yak.
Your headbutt misses the yak.
The yak is almost dead.
The yak misses you. The yak gores you but does no damage.
The orc priest begins to cast a cantrip, but forgets the words!
The yak gores you.
The orc priest invokes the aid of Beogh against you.
Beogh smites you!
* * * LOW HITPOINT WARNING * * *
You block the yak's attack.
The orc priest mumbles some strange prayers to Beogh against you.
Beogh smites you!
You die...

.#...## ##.............##
.#.### #...............#
.#.# #....○☼.........#
##.### #...§○..........#
.....## #...§°☼g○°§.....#
......## #..go....§§.....#
.......# #.......§☼☼.....#
.......# #....Y.o......##
.......# ##..@Y.#.....##
######## ############# ###
##[## ##.## ### ###
#.#.#### ###...## #.###.#
###....####...#...
##...####
#.####.#.........
..###...###
######........... ..#
####..####
###.......÷÷.#.... ###
##....###........#.##.#..#


You could see 2 yaks, an orc priest, 2 gnolls and an orc (inner flame).

Vanquished Creatures
  A cyclops (D:6)
  Maggie (D:6)
  Sigmund (D:2)
  3 wyverns (D:8)
  2 yaks (D:8)
  3 basilisks (D:8)
  Menkaure (D:6)
  Edmund (D:6)
  A water moccasin (D:7)
  A swamp drake (D:8)
  2 ice beasts
  An ogre (D:5)
  A phantom (D:5)
  2 centaurs
  A kobold brigand (D:4)
  A bullfrog (D:6)
  A gnoll sergeant (D:8)
  2 scorpions
  A water moccasin zombie (D:6)
  A wyvern skeleton (D:7)
  A howler monkey (D:6)
  2 centaur zombies
  8 hounds
  A bullfrog skeleton (D:5)
  2 centaur skeletons
  2 orc priests (D:6)
  An iguana (D:6)
  3 orc wizards
  A killer bee zombie (D:8)
  2 gnolls (D:8)
  6 adders
  A shadow imp (D:6)
  An ufetubus (D:5)
  2 worms
  15 orcs
  6 ball pythons
  3 bats
  3 endoplasms
  5 giant cockroaches
  4 goblins
  5 hobgoblins
  2 jackals (D:4)
  5 quokkas
  2 frilled lizards (D:1)
  6 kobolds
  A rat (D:1)
118 creatures vanquished.

Notes
Turn   | Place    | Note
-------+----------+-------------------------------------------
     0 | D:1      | NinjaNoafa the Gnoll Wanderer began the quest for the Orb.
     0 | D:1      | NinjaNoafa set off with the following items: a +0 falchion,
                  | a +0 buckler, a +0 leather armour; and the following spells
                  | available to memorise: Beastly Appendage, Sting, Ice Form
     0 | D:1      | Reached XP level 1. HP: 20/20 MP: 4/4
     2 | D:1      | Learned a level 1 spell: Beastly Appendage
   311 | D:1      | Reached XP level 2. HP: 26/26 MP: 5/5
   734 | D:1      | Found a faded altar of an unknown god.
  1130 | D:2      | Noticed Sigmund
  1148 | D:2      | Killed Sigmund
  1149 | D:2      | Reached skill level 1 in Short Blades
  1149 | D:2      | Reached skill level 1 in Axes
  1149 | D:2      | Reached skill level 1 in Maces & Flails
  1149 | D:2      | Reached skill level 1 in Polearms
  1149 | D:2      | Reached skill level 1 in Staves
  1149 | D:2      | Reached skill level 1 in Slings
  1149 | D:2      | Reached skill level 1 in Bows
  1149 | D:2      | Reached skill level 1 in Crossbows
  1149 | D:2      | Reached skill level 1 in Throwing
  1149 | D:2      | Reached skill level 1 in Dodging
  1149 | D:2      | Reached skill level 1 in Stealth
  1149 | D:2      | Reached skill level 1 in Unarmed Combat
  1149 | D:2      | Reached skill level 1 in Conjurations
  1149 | D:2      | Reached skill level 1 in Hexes
  1149 | D:2      | Reached skill level 1 in Summonings
  1149 | D:2      | Reached skill level 1 in Necromancy
  1149 | D:2      | Reached skill level 1 in Translocations
  1149 | D:2      | Reached skill level 1 in Fire Magic
  1149 | D:2      | Reached skill level 1 in Ice Magic
  1149 | D:2      | Reached skill level 1 in Air Magic
  1149 | D:2      | Reached skill level 1 in Earth Magic
  1149 | D:2      | Reached skill level 1 in Poison Magic
  1149 | D:2      | Reached skill level 1 in Invocations
  1149 | D:2      | Reached skill level 1 in Evocations
  1149 | D:2      | Reached XP level 3. HP: 6/32 MP: 5/7
  1149 | D:2      | Reached XP level 4. HP: 7/38 MP: 5/8
  1149 | D:2      | Reached XP level 5. HP: 8/43 MP: 5/9
  2292 | D:3      | Found a sparkling altar of Nemelex Xobeh.
  2681 | D:3      | Found a bloodstained altar of Trog.
  2967 | D:4      | Reached XP level 6. HP: 50/50 MP: 8/10
  3036 | D:4      | Reached skill level 5 in Fighting
  3036 | D:4      | Reached skill level 5 in Long Blades
  3212 | D:4      | Learned a level 1 spell: Sting
  3264 | D:4      | Found a burning altar of Makhleb.
  3428 | D:4      | Found a staircase to the Ecumenical Temple.
  3545 | Temple   | Entered the Ecumenical Temple
  3618 | Temple   | Became a worshipper of Sif Muna the Loreminder
  3659 | D:5      | Entered Level 5 of the Dungeon
  4252 | D:5      | Reached XP level 7. HP: 47/56 MP: 10/12
  5145 | D:6      | Noticed a cyclops
  5152 | D:6      | Killed a cyclops
  5153 | D:6      | Reached skill level 6 in Transmutations
  5153 | D:6      | Reached XP level 8. HP: 52/63 MP: 10/14
  5209 | D:6      | Noticed Edmund
  5219 | D:6      | Killed Edmund
  5482 | D:6      | Found Alesio's Self-Improvement Boutique.
  5549 | D:6      | Reached * piety under Sif Muna
  5672 | D:6      | Found Fasor's Antique Weapon Boutique.
  5676 | D:6      | Bought an ichor-stained dagger for 154 gold pieces
  5676 | D:6      | Identified the +9 dagger of Trial by Ordeal {drain, MP-9
                  | Str+2 Int+3} (You bought it in a shop on level 6 of the
                  | Dungeon)
  5772 | D:6      | Noticed Maggie
  5794 | D:6      | Killed Maggie
  5795 | D:6      | Reached XP level 9. HP: 69/69 MP: 2/16
  6122 | D:6      | Reached skill level 5 in Spellcasting
  6211 | D:6      | Noticed Menkaure
  6217 | D:6      | Killed Menkaure
  6320 | D:6      | Reached skill level 5 in Armour
  6320 | D:6      | Reached skill level 5 in Shields
  6944 | D:7      | Found a glowing silver altar of Zin.
  7207 | D:8      | Reached skill level 5 in Invocations
  7337 | D:8      | Found a white marble altar of Elyvilon.
  7522 | D:8      | Reached XP level 10. HP: 76/77 MP: 5/18
  7556 | D:8      | Found a staircase to the Lair.
  7664 | D:8      | Reached skill level 5 in Short Blades
  7664 | D:8      | Reached skill level 5 in Axes
  7664 | D:8      | Reached skill level 5 in Maces & Flails
  7664 | D:8      | Reached skill level 5 in Polearms
  7664 | D:8      | Reached skill level 5 in Staves
  7664 | D:8      | Reached skill level 5 in Slings
  7664 | D:8      | Reached skill level 5 in Bows
  7664 | D:8      | Reached skill level 5 in Crossbows
  7664 | D:8      | Reached skill level 5 in Throwing
  7664 | D:8      | Reached skill level 5 in Dodging
  7664 | D:8      | Reached skill level 5 in Stealth
  7664 | D:8      | Reached skill level 5 in Unarmed Combat
  7664 | D:8      | Reached skill level 5 in Evocations
  7816 | D:8      | Reached ** piety under Sif Muna
  7827 | D:8      | Reached skill level 7 in Transmutations
  7838 | D:8      | Killed from afar by an orc priest

Illustrated notes

Levels and vault maps discovered:
D:1:      beargit_arrival_greenhouse, layout_loops_ring,
          chequers_ecumenical_altar_island
D:2:      layout_loops_ring, grunt_decor_arrowhead, uniq_sigmund
D:3:      layout_loops_corners, nemelex_diamond_rough_becter, trog_book
D:4:      layout_rooms, nicolae_overflow_hidden_temple, temple_statues
D:5:      layout_basic
D:6:      layout_loops_ring, serial_shops, nicolae_shop_behind_doors,
          nicolae_benzene_ring, nrook_pool_corridor, nicolae_shop_self_help,
          uniq_maggie, uniq_edmund, uniq_menkaure
D:7:      layout_cave_pools, mainiacjoe_overflow_surrounded_room
D:8:      lemuel_ice_spiral_2, layout_rooms, ashenzari_conservatory_becter,
          elyvilon_altar_4, erik_lair_dragon, gammafunk_ghost_spectres
Temple:   cyrus_temple_forest

Skill      XL: |  1  2  3  4  5  6  7  8  9 10 |
---------------+-------------------------------+-----
Short Blades   | 1 2 3 4 5 |  5.1
Axes           | 1 2 3 4 5 |  5.1
Maces & Flails | 1 2 3 4 5 |  5.1
Polearms       | 1 2 3 4 5 |  5.1
Staves         | 1 2 3 4 5 |  5.1
Slings         | 1 2 3 4 5 |  5.1
Bows           | 1 2 3 4 5 |  5.1
Crossbows      | 1 2 3 4 5 |  5.1
Throwing       | 1 2 3 4 5 |  5.1
Armour         | 3 4 5 |  5.8
Dodging        | 1 2 3 4 5 |  5.1
Stealth        | 1 2 3 4 5 |  5.1
Shields        | 3 4 5 |  5.8
Unarmed Combat | 1 2 3 4 5 |  5.1
Spellcasting   | 3 4 5 |  5.9
Conjurations   | 1 2 3 4 |  4.2
Hexes          | 1 2 3 4 |  4.2
Summonings     | 1 2 3 4 |  4.2
Necromancy     | 1 2 3 4 |  4.2
Translocations | 1 2 3 4 |  4.2
Fire Magic     | 1 2 3 4 |  4.2
Ice Magic      | 1 2 3 4 |  4.2
Air Magic      | 1 2 3 4 |  4.2
Earth Magic    | 1 2 3 4 |  4.2
Poison Magic   | 1 2 3 4 |  4.2
Invocations    | 1 2 3 4 5 |  5.6
Evocations     | 1 2 3 4 5 |  5.1
Fighting       | 5 6 |  6.9
Long Blades    | 5 6 |  6.9
Transmutations | 6 7 |  7.0

Action                   |  1- 3 |  4- 6 |  7- 9 | 10-12 || total
-------------------------+-------+-------+-------+-------++-------
Melee: Falchion          |    15 |       |       |       ||    15
       Kick              |     9 |    18 |    51 |    11 ||    89
       Short sword       |    27 |    97 |    84 |       ||   208
       Bite              |     2 |     8 |    22 |     1 ||    33
       Headbutt          |     3 |     9 |    27 |     3 ||    42
       Dagger            |       |       |   110 |    22 ||   132
Throw: Dart              |       |       |     8 |     1 ||     9
 Cast: Beastly Appendage |     3 |    23 |    27 |     3 ||    56
       Sting             |       |     6 |    18 |     2 ||    26
Evoke: Wand              |       |       |       |     3 ||     3
  Use: Potion            |     3 |     5 |     1 |       ||     9
       Scroll            |     2 |     2 |     6 |     2 ||    12
 Stab: Sleeping          |       |     4 |     4 |     1 ||     9
       Confused          |       |       |     1 |       ||     1
Armor: Leather armour    |     5 |    41 |    36 |       ||    82
       Acid dragon scale |       |       |    41 |     5 ||    46
Dodge: Dodged            |    15 |    64 |    96 |    22 ||   197
Block: Buckler           |    12 |    31 |    64 |     8 ||   115
